 Dungeon Crawl Stone Soup version 0.29-a0-876-gfc89b1a5bd (webtiles) character file.

Game seed: 4803118223325006363

16656 jimonade the Thaumaturge (level 12, -12/83 (92) HPs)
             Began as a Formicid Venom Mage on July 19, 2022.
             Was a Priest of Vehumet.
             Engulfed by a cloud of freezing vapour (14 damage)
             ... in an ice cave.
             The game lasted 01:05:22 (20175 turns).

jimonade the Thaumaturge (Formicid Venom Mage)     Turns: 20175, Time: 01:05:23

HP:   -12/83 (92)   AC: 14    Str: 20    XL:     12   Next: 72%
MP:   29/29         EV: 11    Int: 19    God:    Vehumet [***...]
Gold: 862           SH:  4    Dex: 14    Spells: 24/37 levels left

rFire   . . .      SeeInvis +   H - +5 great sword (freeze)
rCold   . . .      Faith    .   u - +0 buckler
rNeg    . . .      Spirit   .   j - +5 ring mail "Yhyit" {Harm rCorr}
rPois   .          Reflect  .   (helmet unavailable)
rElec   .          Harm     +   (no cloak)
rCorr   +          Rampage  .   t - +1 pair of gloves
Will    +....                   y - +0 pair of boots
Stlth   +.........              U - amulet of magic regeneration
HPRegen 0.23/turn               l - ring of wizardry
MPRegen 0.61/turn               S - +6 ring of strength

@: drained
A: permanent stasis, dig shafts and tunnels, antennae 3, four strong arms
a: Dig, Renounce Religion


You were in an ice cave.
You worshipped Vehumet.
Vehumet was most pleased with you.
You visited 2 branches of the dungeon, and saw 12 of its levels.
You also visited: Ice Cave.

You collected 862 gold pieces.

Inventory:

Hand Weapons
 a - the +4 mace of Impeachment {drain, rCorr Str-5 Dex+4}
   (You found it on level 3 of the Dungeon)

   A truly terrible weapon, it drains the life of any living foe it strikes.
   Str:       It affects your strength (-5).
   Dex:       It affects your dexterity (+4).
   rCorr:     It protects you from acid and corrosion.
 b - a +1 shortbow
 q - a +3 dagger of protection
 B - a +1 rapier of speed
 H - a +5 great sword of freezing (weapon)
 L - a +0 quarterstaff
 N - a +5 short sword of freezing
 Q - a +1 short sword of venom
Missiles
 G - 8 boomerangs
 M - 2 atropa-tipped darts
 P - 32 poisoned darts
Armour
 c - a +0 scale mail
 e - a +2 robe of willpower
 j - the +5 ring mail "Yhyit" (worn) {Harm rCorr}
   (You found it on level 3 of the Dungeon)

   rCorr:     It protects you from acid and corrosion.
   Harm:      It increases damage dealt and taken.
 n - a +0 chain mail
 t - a +1 pair of gloves (worn)
 u - a +0 buckler (worn)
 w - a +0 robe
 y - a +0 pair of boots (worn)
 D - a +2 leather armour of poison resistance
 F - a +0 ring mail
Magical Staves
 C - a staff of death
Jewellery
 l - a ring of wizardry (left hand)
 S - a +6 ring of strength (right hand)
 U - an amulet of magic regeneration (around neck)
Wands
 p - a wand of light (19)
Scrolls
 d - 2 scrolls of amnesia
 f - a scroll of fog
 g - a scroll of immolation
 o - 5 scrolls of enchant armour
 J - 2 scrolls of enchant weapon
Potions
 h - 3 potions of lignification
 i - 2 potions of might
 m - 3 potions of brilliance
 s - a potion of invisibility
 x - 2 potions of flight
 z - 4 potions of curing
 A - 2 potions of heal wounds
 E - a potion of degeneration {unknown}
 I - a potion of magic
 K - a potion of attraction
 R - a potion of mutation {unknown}


   Skills:
 * Level 7.8 Fighting
 + Level 0.2(2.1) Short Blades
 + Level 3.5 Long Blades
 - Level 0.6 Maces & Flails
 + Level 0.3 Ranged Weapons
 + Level 3.8 Armour
 - Level 2.9 Dodging
 - Level 2.4 Stealth
 + Level 1.5 Shields
 * Level 13.4 Spellcasting
 - Level 0.2 Conjurations
 - Level 1.6 Transmutations
 * Level 0.3 Fire Magic
 - Level 1.5 Air Magic
 * Level 9.2 Earth Magic
 + Level 11.2 Poison Magic


You had 24 spell levels left.
You knew the following spells:

 Your Spells              Type           Power      Damage    Failure   Level
a - Sting                 Tmut/Pois      100%       1d8       1%          1
b - Poisonous Vapours     Pois/Air       74%        N/A       1%          2
c - Mephitic Cloud        Conj/Pois/Air  29%        N/A       1%          3
d - Olgreb's Toxic Radia  Pois           53%        N/A       1%          4
e - Stone Arrow           Conj/Erth      60%        3d10      1%          3

Your spell library contained the following spells:

 Spells                   Type           Power      Damage    Failure   Level
 Conjure Flame            Conj/Fire      14%        6-21      3%          3
 Static Discharge         Conj/Air       16%        3-5/arc   1%          2
 Dazzling Flash           Conj/Hex       26%        N/A       3%          3
 Sticky Flame             Conj/Fire      14%        2d4       11%         4
 Gell's Gravitas          Tloc           12%        N/A       13%         3
 Lesser Beckoning         Tloc           12%        N/A       13%         3
 Ozocubu's Armour         Ice            12%        N/A       13%         3
 Teleport Other           Tloc           12%        N/A       13%         3
 Eringya's Noxious Bog    Tmut/Pois      18%        N/A       13%         6
 Iron Shot                Conj/Erth      15%        9d4       24%         6
 Dispel Undead            Necr           12%        3d9       38%         4
 Silence                  Hex/Air        7%         N/A       61%         5
 Agony                    Necr           12%        N/A       71%         5
 Metabolic Englaciation   Hex/Ice        6%         N/A       71%         5
 Dispersal                Tloc           6%         N/A       99%         6
 Simulacrum               Ice/Necr       6%         N/A       99%         6


Dungeon Overview and Level Annotations

Branches:
Dungeon (11/15)            Temple (1/1) D:6            Lair (0/5) D:11
    Orc (0/2) D:11          IceCv (1/1)

Altars:
Ashenzari
Cheibriados
Dithmenos
Elyvilon
Fedhas
Gozag
Hepliaklqana
Kikubaaqudgha
Makhleb
Nemelex Xobeh
Okawaru
Qazlal
Ru
Sif Muna
Trog
Uskayaw
Vehumet
Wu Jian
Xom
Yredelemnul
Zin
The Shining One

Shops:
D:6 [

Annotations:
D:2 1 runed translucent door, exclusion: downstairs, Crazy Yiuf IceCv exclusion: ice statue


Innate Abilities, Weirdness & Mutations

You cannot be hasted, slowed, berserked, paralysed or teleported.
You can dig through walls and to a lower floor.
You have a pair of large antennae on your head. (SInv)
Your four strong arms can wield two-handed weapons with a shield.


Message History

Aim: a cane toad simulacrum (freezing vapour, water, heavily damaged, 94% to hit)
The stone arrow hits the cane toad simulacrum!!
The cane toad simulacrum vaporises!
Vehumet accepts your kill.
You feel your power returning.
You start resting.
Magic restored.
You start waiting.
You sense a monster nearby.
Really walk into a travel-excluded area?
Uppercase [Y]es or [N]o only, please.
Really walk into a travel-excluded area?
Okay, then.
You extend your mandibles.
You dig through the ice covered rock wall.
You feel drained.
You retract your mandibles.
You extend your mandibles.
You dig through the ice covered rock wall.
You feel drained.
You retract your mandibles.
You extend your mandibles.
You dig through the ice covered rock wall.
You feel drained.
You retract your mandibles.
You are engulfed in freezing vapours.
An ufetubus comes into view.
The ufetubus moves out of view.
The ufetubus shouts!
You hit the ufetubus. You freeze the ufetubus.
You kill the ufetubus!
Vehumet accepts your kill.
You are engulfed in freezing vapours.
You are engulfed in freezing vapours.
You are engulfed in freezing vapours.
* * * LOW HITPOINT WARNING * * *
You are engulfed in freezing vapours.
* * * LOW HITPOINT WARNING * * *
You are engulfed in freezing vapours.
You die...

##### ##...##
##..∩..##
#.......#
#...∩...#
##.....## ##...##
#### ##...#
###.§.# ##@..##
...§.§°####§§..##
#.§§#§.##§##...##
#§..§#§####...#
#.§○#≈≈≈##..#
#...☼§#§≈≈≈.#..##
#..§§####≈##...##
...# ####..####
## #8#....#☼#


There were no monsters in sight!

Vanquished Creatures
  Erolcha (D:10)
  2 two-headed ogres (D:9)
  2 sun demons (D:10)
  A sixfirhy (D:10)
  A cyclops (D:10)
  A manticore (D:11)
  An ice statue (IceCv)
  2 orange demons (D:10)
  Maggie (D:9)
  An unseen horror (D:11)
  2 ice devils (IceCv)
  A hellwing (D:10)
  2 hornets
  Grinder (D:3)
  Eustachio (D:5)
  Sigmund (D:2)
  A vampire (D:10)
  15 yaks
  4 wyverns
  A steam dragon (D:6)
  3 wraiths
  2 chaos spawn (D:10)
  Grum (D:9)
  3 death yak simulacra (IceCv)
  4 water moccasins
  A floating eye (D:9)
  An acid dragon (D:10)
  4 orc warriors
  2 sky beasts
  2 ice beasts
  4 wolves (D:9)
  2 ogres (D:4)
  3 centaurs
  2 phantoms
  Blork the orc (D:5)
  7 kobold brigands
  5 bullfrogs
  2 necrophages
  A gnoll sergeant (D:5)
  A scorpion (D:7)
  2 cane toad simulacra (IceCv)
  9 wights
  10 killer bees
  4 howler monkeys
  2 elephant simulacra (IceCv)
  A jelly (D:5)
  2 orc priests
  2 hounds
  Terence (D:2)
  3 iguanas
  4 orc wizards
  2 spriggan simulacra (IceCv)
  4 gnolls (D:5)
  A naga simulacrum (IceCv)
  7 adders
  15 white imps
  4 ufetubi (IceCv)
  2 worms
  13 orcs
  5 endoplasms
  2 giant cockroaches (D:2)
  7 goblins
  10 hobgoblins
  7 jackals (D:1)
  30 kobolds
  A quokka (D:2)
  5 ball pythons
  8 bats
  3 frilled lizards (D:2)
  5 rats
264 creatures vanquished.

Vanquished Creatures (others)
  4 demonic plants (D:10)
4 creatures vanquished.

Grand Total: 268 creatures vanquished

Notes
Turn   | Place    | Note
-------+----------+-------------------------------------------
     0 | D:1      | jimonade the Formicid Venom Mage began the quest for the
                  | Orb.
     0 | D:1      | Reached XP level 1. HP: 13/13 MP: 3/3
   305 | D:1      | Reached XP level 2. HP: 19/19 MP: 3/5
   859 | D:1      | Reached XP level 3. HP: 25/25 MP: 4/6
  1095 | D:1      | Learned a level 2 spell: Poisonous Vapours
  1099 | D:1      | Learned a level 3 spell: Mephitic Cloud
  1239 | D:2      | Got the Incunabulum of the Crystalline Figure
  1339 | D:2      | Reached skill level 1 in Fighting
  1497 | D:2      | Reached skill level 3 in Spellcasting
  1868 | D:2      | Reached XP level 4. HP: 32/32 MP: 5/8
  2286 | D:2      | Noticed Terence
  2316 | D:2      | Killed Terence
  2317 | D:2      | Reached skill level 1 in Earth Magic
  2448 | D:2      | Found a runed translucent door.
  2449 | D:2      | Noticed Crazy Yiuf
  2586 | D:2      | Found a faded altar of an unknown god.
  2650 | D:2      | Reached skill level 5 in Poison Magic
  2650 | D:2      | Reached XP level 5. HP: 28/37 MP: 1/9
  3075 | D:2      | Noticed Sigmund
  3101 | D:2      | Killed Sigmund
  3102 | D:2      | Reached skill level 4 in Spellcasting
  3102 | D:2      | Reached XP level 6. HP: 8/44 MP: 0/12
  4144 | D:3      | Noticed Grinder
  4873 | D:3      | Identified the +4 mace of Impeachment {drain, rCorr Str-5
                  | Dex+4}
  5718 | D:4      | Reached skill level 1 in Air Magic
  5718 | D:4      | Reached XP level 7. HP: 12/50 MP: 10/13
  6724 | D:4      | Learned a level 4 spell: Olgreb's Toxic Radiance
  6733 | D:5      | Entered Level 5 of the Dungeon
  6738 | D:5      | Reached skill level 5 in Spellcasting
  6912 | D:5      | Noticed Eustachio
  7653 | D:3      | Killed Grinder
  7654 | D:3      | Reached XP level 8. HP: 27/58 MP: 14/16
  7947 | D:3      | Identified the +5 ring mail "Yhyit" {Harm rCorr}
  8055 | D:3      | Learned a level 3 spell: Stone Arrow
  8674 | D:5      | Found a basalt altar of Yredelemnul.
  8678 | D:5      | Found an ornate altar of the Wu Jian Council.
  8679 | D:5      | Found a hazy altar of Hepliaklqana.
  8684 | D:5      | Found a broken altar of Ashenzari.
  8685 | D:5      | Found a bloodstained altar of Trog.
  8687 | D:5      | Found a glowing silver altar of Zin.
  8688 | D:5      | Found an iron altar of Okawaru.
  8690 | D:5      | Found a white marble altar of Elyvilon.
  8694 | D:5      | Found a sacrificial altar of Ru.
  8695 | D:5      | Found a blossoming altar of Fedhas.
  8849 | D:5      | Noticed Blork the orc
  8863 | D:5      | Killed Blork the orc
  8864 | D:5      | Reached skill level 6 in Spellcasting
  9512 | D:5      | Found a blossoming altar of Fedhas.
  9515 | D:5      | Found a sacrificial altar of Ru.
  9517 | D:5      | Found a white marble altar of Elyvilon.
  9522 | D:5      | Found a glowing silver altar of Zin.
  9523 | D:5      | Found an iron altar of Okawaru.
  9525 | D:5      | Found a broken altar of Ashenzari.
  9526 | D:5      | Found a bloodstained altar of Trog.
  9529 | D:5      | Found a hazy altar of Hepliaklqana.
  9532 | D:5      | Found an ornate altar of the Wu Jian Council.
  9533 | D:5      | Found a basalt altar of Yredelemnul.
 10291 | D:5      | Killed Eustachio
 10292 | D:5      | Reached skill level 1 in Shields
 11015 | D:6      | Reached XP level 9. HP: 59/65 MP: 13/18
 11108 | D:6      | Reached skill level 7 in Spellcasting
 11568 | D:6      | Found a staircase to the Ecumenical Temple.
 11575 | Temple   | Entered the Ecumenical Temple
 11606 | Temple   | Became a worshipper of Vehumet
 11904 | D:6      | Found Fufyit's Antique Armour Shoppe.
 12003 | D:7      | Reached skill level 1 in Armour
 12180 | D:7      | Reached skill level 5 in Earth Magic
 12182 | D:7      | Reached skill level 8 in Spellcasting
 13373 | D:7      | Reached skill level 5 in Fighting
 13373 | D:7      | Reached XP level 10. HP: 74/74 MP: 16/22
 13822 | D:8      | Reached skill level 9 in Spellcasting
 14590 | D:8      | Found a snail-covered altar of Cheibriados.
 14915 | D:9      | Noticed Grum
 14923 | D:9      | Killed Grum
 14924 | D:9      | Reached skill level 1 in Long Blades
 15047 | D:9      | Reached * piety under Vehumet
 15047 | D:9      | Offered knowledge of Sandblast by Vehumet.
 15360 | D:9      | Reached skill level 10 in Spellcasting
 15432 | D:9      | Noticed Maggie
 15447 | D:9      | Killed Maggie
 15852 | D:9      | Reached XP level 11. HP: 81/81 MP: 10/25
 16039 | D:9      | Noticed a two-headed ogre
 16062 | D:9      | Killed a two-headed ogre
 16063 | D:9      | Reached skill level 11 in Spellcasting
 16440 | D:9      | Noticed a two-headed ogre
 16709 | D:9      | Killed a two-headed ogre
 16710 | D:9      | Reached skill level 10 in Poison Magic
 16874 | D:10     | Entered Level 10 of the Dungeon
 17158 | D:10     | Reached ** piety under Vehumet
 17158 | D:10     | Offered knowledge of Shock by Vehumet.
 17209 | D:10     | Noticed Erolcha
 17619 | D:10     | Noticed a sun demon
 17632 | D:10     | Killed a sun demon
 17680 | D:10     | Noticed a sixfirhy
 17719 | D:10     | Killed a sixfirhy
 17720 | D:10     | Reached skill level 12 in Spellcasting
 17941 | D:10     | Reached XP level 12. HP: 91/91 MP: 24/28
 18232 | D:10     | Killed Erolcha
 18403 | D:10     | Noticed a sun demon
 18412 | D:10     | Offered knowledge of Frozen Ramparts by Vehumet.
 18713 | D:10     | Killed a sun demon
 18714 | D:10     | Reached skill level 13 in Spellcasting
 19152 | D:11     | Found a staircase to the Orcish Mines.
 19189 | D:11     | Reached *** piety under Vehumet
 19351 | D:11     | Found a frozen archway.
 19360 | IceCv    | Entered an ice cave
 19446 | IceCv    | Offered knowledge of Conjure Flame by Vehumet.
 20174 | IceCv    | HP: 2/83 [something (15)]
 20175 | IceCv    | Engulfed by a cloud of freezing vapour

Illustrated notes

Levels and vault maps discovered:
D:1:      lightli_iron_boxes, layout_rooms, minmay_misc_feat_secret_circle
D:2:      layout_basic, ebering_ecumenical_altar_webs, uniq_terence,
          uniq_sigmund, uniq_crazy_yiuf_cottage
D:3:      layout_basic, uniq_grinder
D:4:      wander_river, layout_loops_ring
D:5:      layout_layer_cave, nicolae_overflow_hallway_of_the_gods,
          uniq_blork_the_orc, uniq_eustachio
D:6:      layout_loops_ring, minmay_temple_entry_statues_pillars, serial_shops,
          shop
D:7:      layout_basic
D:8:      layout_gridville, cheibriados_altar_1
D:9:      layout_rooms, onia_ninara_cookie, uniq_grum, uniq_maggie
D:10:     layout_rooms, serial_demonic, serial_demonic_f, serial_demonic_f,
          serial_demonic_b, serial_demonic_b, minmay_misc_feat_rows,
          uniq_erolcha
D:11:     layout_layer_cave, minmay_lair_entry_grove, orc_0_dummy,
          portal_ice_cave_entry_imps
Temple:   nicolae_temple_ecumenical_triangle
IceCv:    ice_cave_small_demon

Skill      XL: |  1  2  3  4  5  6  7  8  9 10 11 12 |
---------------+-------------------------------------+-----
Fighting       | 1 2 3 5 6 7 |  7.8
Spellcasting   | 3 4 5 6 8 10 12 13 | 13.4
Earth Magic    | 1 2 3 4 5 6 7 9 |  9.2
Poison Magic   | 5 6 7 8 9 10 11 | 11.2
Dodging        | 2 |  2.9
Air Magic      | 1 |  1.5
Shields        | 1 |  1.5
Armour         | 1 2 3 |  3.8
Long Blades    | 1 3 |  3.5
Short Blades   | |  0.2
Maces & Flails | |  0.6
Ranged Weapons | |  0.3
Stealth        | |  2.4
Conjurations   | |  0.2
Transmutations | |  1.6
Fire Magic     | |  0.3

Action                   |  1- 3 |  4- 6 |  7- 9 | 10-12 || total
-------------------------+-------+-------+-------+-------++-------
Melee: Dagger            |     8 |    15 |       |       ||    23
       Mace              |       |    23 |    43 |       ||    66
       Great sword       |       |       |       |    43 ||    43
 Fire: Shortbow          |       |       |     2 |       ||     2
 Cast: Sting             |    53 |    35 |     2 |       ||    90
       Poisonous Vapours |     7 |    45 |    32 |    51 ||   135
       Mephitic Cloud    |       |       |     2 |       ||     2
       Stone Arrow       |       |       |    51 |   156 ||   207
       Olgreb's Toxic Ra |       |       |    13 |    50 ||    63
 Abil: Dig               |       |       |       |     8 ||     8
Evoke: Wand              |       |       |       |     1 ||     1
  Use: Scroll            |       |       |    10 |    13 ||    23
 Stab: Sleeping          |       |     1 |     2 |       ||     3
Armor: Robe              |     9 |    23 |    10 |       ||    42
       Leather armour    |       |       |     9 |    12 ||    21
       Ring mail         |       |       |       |    43 ||    43
Dodge: Dodged            |    29 |    65 |    54 |    84 ||   232
Block: Buckler           |       |    13 |     6 |    10 ||    29

Table legend: (Time is in decaauts)
 A = Elapsed time spent in this place.
 B = Non-inter-level travel time spent in this place.
 C = Inter-level travel time spent in this place.
 D = Time resting spent in this place.
 E = Time spent auto-exploring this place.
 F = Levels seen in this place.
 G = Mean time per level.
                   A        B        C        D        E       F      G
               +--------+--------+--------+--------+--------+-----+--------+
         Total |  20267 |  19646 |    621 |   6008 |   8863 |  13 | 1559.0 |
       Dungeon |  19410 |  18797 |    613 |   5482 |   8840 |  11 | 1764.5 |
        Temple |     40 |     32 |      8 |      0 |     23 |   1 |   40.0 |
      Ice Cave |    816 |    816 |      0 |    526 |      0 |   1 |  816.0 |
               +--------+--------+--------+--------+--------+-----+--------+

Top non-repeatable levels by time:
     D:5: 2994 daAuts
     D:2: 2907 daAuts
     D:9: 2066 daAuts
    D:10: 2013 daAuts
     D:4: 1899 daAuts
     D:3: 1849 daAuts
     D:8: 1537 daAuts
     D:7: 1435 daAuts
     D:1: 1304 daAuts
     D:6: 1156 daAuts
   IceCv: 816 daAuts
    D:11: 245 daAuts
  Temple: 40 daAuts
